 Dungeon Crawl Stone Soup version 0.19-a0-1686-g35356ef (webtiles) character file.

80 Amnesiac the Vexing (level 4, -2/30 HPs)
             Began as a Mummy Enchanter on Sept 25, 2016.
             Was an Initiate of Gozag.
             Slain by a gnoll (8 damage)
             ... on level 2 of the Dungeon.
             The game lasted 00:06:15 (3462 turns).

Amnesiac the Vexing (Mummy Enchanter)               Turns: 3462, Time: 00:06:15

Health: -2/30      AC:  4    Str: 11    XL:     4   Next: 18%
Magic:  2/7        EV: 12    Int: 15    God:    Gozag
Gold:   35         SH:  0    Dex: 12    Spells: 3 memorised, 0 levels left

rFire  x . .     SeeInvis +     d - -1 mace (curse)
rCold  + . .     Gourm    .     b - +1 robe
rNeg   + + +     Faith    .     (no shield)
rPois  ∞         Spirit   .     (no helmet)
rElec  .         Dismiss  .     (no cloak)
rCorr  .         Reflect  .     (no gloves)
MR     .....     Harm     .     (no boots)
Stlth  ++........               (no amulet)
                                (no ring)
                                e - ring of see invisible

@: no status effects
A: no food or potions, fire vulnerability, cold resistance 1, negative energy
resistance 3, torment resistance, unbreathing
a: Potion Petition, Call Merchant, Bribe Branch, Renounce Religion


You were on level 2 of the Dungeon.
You worshipped Gozag.
Gozag was noncommittal.
You were not hungry.

You visited 2 branches of the dungeon, and saw 6 of its levels.

You collected 129 gold pieces.
You paid 94 gold pieces to Gozag.

Inventory:

Hand Weapons
 a - a +1 dagger
 d - a cursed -1 mace (weapon)
 f - a +1 trident
 g - a +3 dagger
Armour
 b - a +1 robe (worn)
Jewellery
 e - a ring of see invisible (left hand)
Wands
 i - a wand of digging (11/24)
Books
 c - a book of Maledictions

   Spells                             Type                      Level
   a - Corona                         Hexes                        1
   b - Ensorcelled Hibernation        Hexes/Ice                    2
   c - Confuse                        Hexes                        3
   d - Tukima's Dance                 Hexes                        3
   e - Dazzling Spray                 Conjuration/Hexes            3


   Skills:
 - Level 0.7 Short Blades
 - Level 1.5 Dodging
 - Level 2.4 Stealth
 - Level 2.0 Spellcasting
 + Level 4.6 Hexes


You couldn't memorise any spells.
You knew the following spells:

 Your Spells              Type           Power        Failure   Level  Hunger
e - Confuse               Hex            ###.....     12%         3    N/A
f - Corona                Hex            ###....      3%          1    N/A
w - Tukima's Dance        Hex            ###.....     12%         3    N/A

Dungeon Overview and Level Annotations

Branches:
Dungeon (5/15)             Temple (1/1) D:5

Altars:
Ashenzari
Elyvilon
Fedhas
Gozag
Hepliaklqana
Nemelex Xobeh
Okawaru
Trog
Uskayaw
Vehumet
Yredelemnul
Zin
The Shining One

Annotations:
D:2 1 runed door


Innate Abilities, Weirdness & Mutations

You do not eat or drink.
Your flesh is vulnerable to fire.
You are immune to poison.
Your flesh is cold resistant. (rC+)
You are immune to negative energy. (rN+++)
You are immune to unholy pain and torment.
You can survive without breathing.


Message History

The gnoll is moderately wounded.
The gnoll closely misses you. The gnoll hits you.
* * * LOW HITPOINT WARNING * * *
Your club closely misses the gnoll.
Unknown command.
Unknown command.
You hit the gnoll but do no damage.
The gnoll is moderately wounded.
The gnoll closely misses you.
Your club hits the gnoll.
Unknown command.
You barely miss the gnoll.
The gnoll is heavily wounded.
The gnoll closely misses you.
Your club hits the gnoll but does no damage.
Unknown command.
You hit the gnoll.
The gnoll is severely wounded.
The gnoll hits you!
You die...
Your body crumbles into a pile of gold.

...........#######
'######....(.....#
.#########.#####.#
.#.........# #.#
.#...####### #.#
.#....# #.#
##....# #(# #....#
#g# ♣....♣ #@#
♣...♣♣ #.# ♣♣.♣♣
#.# ♣.♣♣ #.# ♣♣.♣
#####.# ♣.♣♣
#.....# ♣♣.♣
###.##### #+#
#...# #.###


You could see a gnoll and a friendly club.

Vanquished Creatures
  2 adders
  A gnoll (D:2)
  An ooze (D:1)
  2 leopard geckos
  3 orcs (D:1)
  4 giant cockroaches
  2 goblins (D:1)
  4 hobgoblins
  8 jackals (D:1)
  3 kobolds (D:1)
  A quokka (D:1)
  A ball python (D:1)
  3 bats (D:1)
  7 rats (D:1)
42 creatures vanquished.

Vanquished Creatures (others)
  A dancing weapon (D:2)
1 creature vanquished.

Grand Total: 43 creatures vanquished

Notes
Turn   | Place    | Note
-------+----------+-------------------------------------------
     0 | D:1      | Amnesiac the Mummy Enchanter began the quest for the Orb.
     0 | D:1      | Reached XP level 1. HP: 13/13 MP: 3/3
   186 | D:1      | Reached skill level 3 in Hexes
   228 | D:1      | Reached XP level 2. HP: 14/19 MP: 1/5
   754 | D:1      | Reached XP level 3. HP: 19/24 MP: 1/6
   759 | D:1      | Learned a level 3 spell: Confuse
  1164 | D:1      | Reached skill level 4 in Hexes
  1660 | D:2      | Found a runed door.
  1775 | D:5      | Entered Level 5 of the Dungeon
  1785 | D:5      | Found a staircase to the Ecumenical Temple.
  1789 | D:5      | Noticed a scorpion
  1793 | Temple   | Entered the Ecumenical Temple
  2245 | D:5      | Found a shattered altar of Ashenzari.
  2339 | Temple   | Became a worshipper of Gozag Ym Sagoz the Greedy
  2449 | D:4      | Noticed an ogre
  2486 | D:3      | Found a white marble altar of Elyvilon.
  3095 | D:2      | Reached XP level 4. HP: 5/30 MP: 0/7
  3345 | D:2      | Learned a level 3 spell: Tukima's Dance
  3462 | D:2      | Slain by a gnoll

Vault maps used:
D:1:      saegor_arrival_simple_a, glass_columns_a
D:2:      kennysheep_boxes, uniq_crazy_yiuf_cottage, uniq_jessica
D:3:      elyvilon_altar_3, old_standard_altar, overflow_temple_1_default
D:4:      nicolae_ru_path_of_blood, first_bread, uniq_eustachio
D:5:      lemuel_coloured_pillars_altar, makhleb_heckhound_becter, basic_altar,
          st_stairs_8, lemuel_statue_altar
Temple:   minmay_temple_forest_path

Skill      XL: |  1  2  3 |
---------------+----------+-----
Hexes          | 3 4 |  4.6
Short Blades   | |  0.7
Dodging        | |  1.5
Stealth        | |  2.4
Spellcasting   | |  2.0

Action                   |  1- 3 |  4- 6 || total
-------------------------+-------+-------++-------
Melee: Dagger            |    31 |       ||    31
       Mace              |   125 |    23 ||   148
 Cast: Corona            |    44 |     4 ||    48
       Confuse           |     2 |       ||     2
       Tukima's Dance    |       |     2 ||     2
Invok: Potion Petition   |     1 |       ||     1
  Use: Scroll            |     5 |       ||     5
 Stab: Sleeping          |     6 |       ||     6
Armor: Robe              |    79 |     5 ||    84
Dodge: Dodged            |   141 |    22 ||   163
